 Dungeon Crawl Stone Soup version 0.29-a0-409-gd843f3a48c (webtiles) character file.

Game seed: 11407489248205248515

294 porpoise the Chopper (level 6, -7/52 HPs)
             Began as a Palentonga Fighter on May 14, 2022.
             Mangled by an orc warrior
             ... wielding a +0 long sword
              (10 damage)
             ... on level 4 of the Dungeon.
             The game lasted 00:08:30 (3086 turns).

porpoise the Chopper (Palentonga Fighter)           Turns: 3086, Time: 00:08:30

Health: -7/52      AC:  9    Str: 20    XL:     6   Next: 11%
Magic:  6/6        EV:  5    Int:  8    God:
Gold:   229        SH:  4    Dex: 11    Spells: 5/5 levels left

rFire   . . .      SeeInvis +   a - +0 war axe
rCold   . . .      Faith    .   c - +0 buckler
rNeg    . . .      Spirit   .   b - +0 chain mail
rPois   .          Reflect  .   (no helmet)
rElec   .          Harm     .   o - +0 cloak
rCorr   .          Rampage  .   (no gloves)
Will    .....                   (no barding)
Stlth   ..........              (no amulet)
HPRegen 0.17/turn               (no ring)
MPRegen 0.10/turn               (no ring)

@: no status effects
A: large, rugged brown scales 3, see invisible, deformed body, roll 1, armoured
tail
a: Rolling Charge


You were on level 4 of the Dungeon.
You visited 1 branch of the dungeon, and saw 4 of its levels.

You collected 229 gold pieces.

Inventory:

Hand Weapons
 a - a +0 war axe (weapon)
Missiles
 g - 78 stones
Armour
 b - a +0 chain mail (worn)
 c - a +0 buckler (worn)
 o - a +0 cloak (worn)
Wands
 r - a wand of iceblast (10)
 v - a wand of flame (29)
Scrolls
 e - a scroll of immolation {unknown}
 f - 2 scrolls of enchant armour {unknown}
 i - a scroll of fear {unknown}
 l - 2 scrolls of vulnerability {unknown}
 n - a scroll of identify {unknown}
 p - 2 scrolls of teleportation {unknown}
 s - a scroll of poison {unknown}
 u - a scroll of noise {unknown}
 x - 3 scrolls of blinking {unknown}
Potions
 d - a potion of might
 h - a potion of curing {unknown}
 j - a potion of resistance {unknown}
 k - a potion of experience {unknown}
 m - 2 potions of lignification {unknown}
 q - a potion of magic {unknown}
 t - a potion of cancellation {unknown}
 w - a potion of haste {unknown}


   Skills:
 + Level 4.5 Fighting
 * Level 5.0 Axes
 - Level 2.7 Armour
 - Level 3.0 Shields


You had 5 spell levels left.
You didn't know any spells.
Your spell library contained the following spells:

 Spells                   Type           Power      Damage    Failure   Level
 Corpse Rot               Necr/Air       0%         N/A       100%        2
 Dispel Undead            Necr           0%         3d6       100%        4
 Freezing Cloud           Conj/Ice/Air   0%         6-21      100%        5
 Death Channel            Necr           0%         N/A       100%        6
 Simulacrum               Ice/Necr       0%         N/A       100%        6
 Polar Vortex             Ice            0%         N/A       100%        9


Dungeon Overview and Level Annotations

Branches:
Dungeon (4/15)             Temple (0/1) D:4

Altars:


Innate Abilities, Weirdness & Mutations

You are completely covered in rugged brown scales. (AC +3, +7% HP)
You have supernaturally acute eyesight. (SInv)
Armour fits poorly on your strangely shaped body.
You can roll at nearby foes to attack.
You have a long armoured tail.


Message History

The orc warrior hits you but does no damage.
The orc warrior hits you with a +0 long sword!
You barely miss the orc warrior. You block the orc warrior's attack.
You hit the orc warrior.
The orc warrior is lightly wounded.
You block the orc warrior's attack.
The orc warrior hits you but does no damage.
You hit the orc warrior.
The orc warrior is lightly wounded.
You block the orc warrior's attack.
You completely miss the orc warrior.
The orc warrior is lightly wounded.
The orc warrior hits you with a +0 long sword!
You closely miss the orc warrior.
The orc warrior is lightly wounded.
The orc warrior hits you but does no damage.
You barely miss the orc warrior.
The orc warrior is lightly wounded.
The orc warrior hits you with a +0 long sword!
* * * LOW HITPOINT WARNING * * *
You block the orc warrior's attack.
You hit the orc warrior.
The orc warrior is moderately wounded.
The orc warrior hits you but does no damage.
You hit the orc warrior.
The orc warrior is moderately wounded.
The orc warrior hits you with a +0 long sword!
* * * LOW HITPOINT WARNING * * *
You hit the orc warrior.
The orc warrior is heavily wounded.
You block the orc warrior's attack. x2
You hit the orc warrior but do no damage.
You tail-slap the orc warrior, but do no damage.
The orc warrior is heavily wounded.
The orc warrior hits you with a +0 long sword.
* * * LOW HITPOINT WARNING * * *
You slash the orc warrior! You tail-slap the orc warrior.
The orc warrior is almost dead.
The orc warrior hits you with a +0 long sword!
You die...

.. ..... .. #.#.#
#...# #..#...# #... #
#..#.#.# #..##.#
##......# #.....
.......# #...
#.#...####.########.
###.........)o@$......
........#############.
........# #####...#
#...# #####


You could see an orc warrior.

Vanquished Creatures
  An ogre (D:4)
  A necrophage (D:4)
  A jelly (D:4)
  Crazy Yiuf (D:2)
  3 adders
  3 worms
  A dart slug (D:2)
  10 orcs
  3 endoplasms
  6 giant cockroaches
  A hobgoblin (D:1)
  2 quokkas
  5 ball pythons
  A frilled lizard (D:3)
  4 goblins
  2 kobolds
  3 rats
48 creatures vanquished.

Notes
Turn   | Place    | Note
-------+----------+-------------------------------------------
     0 | D:1      | porpoise the Palentonga Fighter began the quest for the
                  | Orb.
     0 | D:1      | Reached XP level 1. HP: 19/19 MP: 1/1
   766 | D:2      | Found a runed translucent door.
   767 | D:2      | Noticed Crazy Yiuf
   772 | D:2      | Killed Crazy Yiuf
   773 | D:2      | Reached XP level 2. HP: 15/25 MP: 2/2
   773 | D:2      | Reached XP level 3. HP: 19/31 MP: 3/3
  1727 | D:3      | Reached skill level 3 in Axes
  1751 | D:3      | Reached XP level 4. HP: 37/38 MP: 4/4
  2288 | D:3      | Found a faded altar of an unknown god.
  2451 | D:4      | Found a staircase to the Ecumenical Temple.
  2453 | D:4      | Noticed a necrophage
  2468 | D:4      | Killed a necrophage
  2469 | D:4      | Reached skill level 4 in Axes
  2469 | D:4      | Reached XP level 5. HP: 23/44 MP: 5/5
  2787 | D:4      | Noticed an ogre
  2796 | D:4      | Killed an ogre
  2797 | D:4      | Reached skill level 5 in Axes
  2797 | D:4      | Reached XP level 6. HP: 14/52 MP: 6/6
  3064 | D:4      | Noticed an orc warrior
  3086 | D:4      | Mangled by an orc warrior

Illustrated notes

Levels and vault maps discovered:
D:1:      dpeg_arrival_shelter, layout_rooms
D:2:      layout_loops_corners, uniq_crazy_yiuf_cottage
D:3:      layout_rooms, ebering_ecumenical_altar_petrified
D:4:      layout_basic, minmay_temple_entry_mist, serial_park_tiny_pond

Skill      XL: |  1  2  3  4  5 |
---------------+----------------+-----
Shields        | 3 |  3.0
Axes           | 3 4 5 |  5.0
Fighting       | 4 |  4.5
Armour         | |  2.7

Action                   |  1- 3 |  4- 6 || total
-------------------------+-------+-------++-------
Melee: War axe           |    58 |   100 ||   158
       Tailslap          |     4 |    12 ||    16
 Abil: Rolling Charge    |     6 |     5 ||    11
Armor: Scale mail        |    16 |       ||    16
       Chain mail        |     9 |    49 ||    58
Dodge: Dodged            |    16 |    19 ||    35
Block: Buckler           |    10 |    29 ||    39

Table legend: (Time is in decaauts)
 A = Elapsed time spent in this place.
 B = Non-inter-level travel time spent in this place.
 C = Inter-level travel time spent in this place.
 D = Time resting spent in this place.
 E = Time spent auto-exploring this place.
 F = Levels seen in this place.
 G = Mean time per level.
                   A        B        C        D        E       F      G
               +--------+--------+--------+--------+--------+-----+--------+
         Total |   3142 |   3060 |     82 |   1235 |   1381 |   4 |  785.5 |
       Dungeon |   3142 |   3060 |     82 |   1235 |   1381 |   4 |  785.5 |
               +--------+--------+--------+--------+--------+-----+--------+

Top non-repeatable levels by time:
     D:2: 1340 daAuts
     D:4: 723 daAuts
     D:3: 684 daAuts
     D:1: 393 daAuts
